 Dungeon Crawl Stone Soup version 0.29.1-1-gd02db6906a (webtiles) character file.

Game seed: 3675943779528225848

28565 sanboga the Severer (level 13, -9/110 HPs)
             Began as a Minotaur Monk on Oct 5, 2022.
             Was a High Priest of Hepliaklqana.
             Mangled by a vault guard
             ... wielding a +0 halberd
              (14 damage)
             ... on level 13 of the Dungeon.
             The game lasted 00:26:16 (14139 turns).

sanboga the Severer (Minotaur Monk)                Turns: 14139, Time: 00:26:16

Health: -9/110     AC: 21    Str: 27    XL:     13   Next: 10%
Magic:  12/12      EV: 13    Int:  7    God:    Hepliaklqana [*****.]
Gold:   380        SH:  5    Dex: 13    Spells: 12/12 levels left

rFire   + . .      SeeInvis .   b - +8 whip "Snakebite" {venom, curare, rPois}
rCold   + . .      Faith    .   (no shield)
rNeg    . . .      Spirit   .   z - +0 plate armour
rPois   +          Reflect  +   y - +1 hat
rElec   .          Harm     .   G - scarf {rC+ rF+}
rCorr   .          Rampage  .   v - +0 pair of gloves
Will    .....                   l - +1 pair of boots
Stlth   ..........              A - amulet of reflection
HPRegen 0.28/turn               e - +6 ring of strength
MPRegen 0.13/turn               x - +4 ring of evasion

@: no status effects
A: reduced essence, horns 2, retaliatory headbutt
a: Renounce Religion, Recall Ancestor, Ancestor Identity, Transference, Idealise


You were on level 13 of the Dungeon.
You worshipped Hepliaklqana.
Hepliaklqana was extremely pleased with you.
You visited 2 branches of the dungeon, and saw 14 of its levels.

You collected 680 gold pieces.
You spent 300 gold pieces at shops.

Inventory:

Hand Weapons
 a - a +1 war axe of freezing
 b - the +8 whip "Snakebite" (weapon) {venom, curare, rPois}
   (You found it on level 4 of the Dungeon)

   It poisons the flesh of those it strikes.
   It occasionally inflicts asphyxiating poison on those it strikes, dealing
   poison damage and causing slowness.
   rPois:     It protects you from poison.
Armour
 l - a +1 pair of boots (worn)
 t - the +4 robe of Folly {Brilliance Will-∞ Int+8}
   (You found it on level 4 of the Dungeon)

   It increases the power of your magical spells.
   It halves the magic cost of your spells (rounding up).
   It reduces your willpower to zero.
   Int:       It affects your intelligence (+8).
 v - a +0 pair of gloves (worn)
 y - a +1 hat (worn)
 z - a +0 plate armour (worn)
 G - a scarf of resistance (worn)
Jewellery
 e - a +6 ring of strength (left hand)
 g - a ring of poison resistance
 s - a ring of resist corrosion
 x - a +4 ring of evasion (right hand)
 A - an amulet of reflection (around neck)
 D - a ring of protection from fire
Wands
 i - a wand of mindburst (18)
 p - a wand of flame (6)
 q - a wand of iceblast (28)
 B - a wand of light (6)
 C - a wand of paralysis (7)
Scrolls
 f - 2 scrolls of fog
 k - 9 scrolls of teleportation
 n - 2 scrolls of blinking
 o - 2 scrolls of enchant armour
 F - 3 scrolls of enchant weapon
 H - 2 scrolls of identify
 I - a scroll of torment {unknown}
Potions
 c - 2 potions of ambrosia
 d - 4 potions of invisibility
 h - 2 potions of heal wounds
 j - 4 potions of curing
 m - 4 potions of might
 r - a potion of haste
 u - 2 potions of flight
 w - a potion of resistance
 E - a potion of cancellation
 J - 2 potions of mutation {unknown}
 K - a potion of berserk rage {unknown}


   Skills:
 + Level 13.8 Fighting
 * Level 18.7 Axes
 + Level 13.2 Armour
 - Level 3.7 Dodging
 - Level 2.1 Stealth


You had 12 spell levels left.
You didn't know any spells.
Your spell library contained the following spells:

 Spells                   Type           Power      Damage    Failure   Level
 Sandblast                Erth           0%         2d4       97%         1
 Summon Small Mammal      Summ           0%         N/A       97%         1
 Passwall                 Tmut/Erth      0%         N/A       99%         2
 Poisonous Vapours        Pois/Air       0%         N/A       99%         2
 Searing Ray              Conj           0%         2d4       99%         2
 Call Canine Familiar     Summ           0%         N/A       100%        3
 Inner Flame              Hex/Fire       0%         N/A       100%        3
 Stone Arrow              Conj/Erth      0%         3d7       100%        3
 Summon Guardian Golem    Hex/Summ       0%         N/A       100%        3
 Animate Dead             Necr           0%         N/A       100%        4
 Cause Fear               Hex            0%         N/A       100%        4
 Corpse Rot               Necr/Pois/Air  0%         N/A       100%        4
 Fulminant Prism          Conj/Hex       0%         3d6       100%        4
 Hailstorm                Conj/Ice       0%         3d3       100%        4
 Iskenderun's Mystic Bla  Conj/Tloc      0%         2d3       100%        4
 Petrify                  Tmut/Erth      0%         N/A       100%        4
 Summon Ice Beast         Ice/Summ       0%         N/A       100%        4
 Irradiate                Conj/Tmut      0%         3d11      100%        5
 Lee's Rapid Deconstruct  Erth           0%         3d5*      100%        5
 Metabolic Englaciation   Hex/Ice        0%         N/A       100%        5
 Summon Mana Viper        Hex/Summ       0%         N/A       100%        5
 Statue Form              Tmut/Erth      0%         N/A       100%        6
 Haunt                    Necr/Summ      0%         N/A       100%        7
 Monstrous Menagerie      Summ           0%         N/A       100%        7
 Discord                  Hex            0%         N/A       100%        8
 Infestation              Necr           0%         N/A       100%        8
 Fire Storm               Conj/Fire      0%         5d1       100%        9


Dungeon Overview and Level Annotations

Branches:
Dungeon (13/15)            Temple (1/1) D:4            Lair (0/5) D:8
    Orc (0/2) D:11         Vaults (0/5) D:13

Altars:
Ashenzari
Cheibriados
Dithmenos
Elyvilon
Fedhas
Gozag
Hepliaklqana
Kikubaaqudgha
Makhleb
Nemelex Xobeh
Okawaru
Qazlal
Ru
Sif Muna
Trog
Uskayaw
Vehumet
Wu Jian
Xom
Yredelemnul
Zin
The Shining One

Shops:
D:3 =   D:10 [   D:11 :


Innate Abilities, Weirdness & Mutations

Your life essence is reduced to manifest your ancestor. (-10% HP)
You have a pair of horns on your head.
You reflexively headbutt those who attack you in melee.


Message History

The mass of ice explodes!
The iceblast engulfs the vault guard!
You kill the vault guard!
The iceblast engulfs the vault guard!
The vault guard is almost dead.
The vault guard is no longer moving slowly.
You kill the vault guard!
The vault guard hits Katie with a +0 bardiche!
Katie hits the vault guard with a +0 flail.
Aiming: Iceblast
Press: ? - help, Shift-Dir - straight line, f - vault guard
Aim: a vault guard, wielding a +1 glaive and wearing a +0 plate armour (moderately wounded)
The mass of ice explodes!
The iceblast engulfs the vault guard!
The vault guard is moderately wounded.
The iceblast engulfs the vault guard but does no damage.
Katie blocks the vault guard's attack.
Katie barely misses the vault guard.
Aiming: Iceblast
Press: ? - help, Shift-Dir - straight line, f/p - vault guard
Aim: a vault guard, wielding a +1 glaive and wearing a +0 plate armour (moderately wounded)
The mass of ice explodes!
The iceblast engulfs the vault guard.
The vault guard is heavily wounded.
The iceblast engulfs the vault guard.
The vault guard is lightly wounded.
A boulder beetle comes into view.
The vault guard hits Katie with a +0 bardiche!!
Katie is destroyed!
You block the vault guard's attack.
The vault guard hits you with a +0 halberd!
The vault guard hits you but does no damage.
You barely miss the vault guard.
The vault guard is moderately wounded.
The boulder beetle curls into a ball and begins rolling!
The vault guard hits you with a +0 halberd!
The vault guard hits you with a +1 glaive!!
* * * LOW HITPOINT WARNING * * *
The vault guard barely misses you.
The vault guard hits you from afar with a +1 glaive!
* * * LOW HITPOINT WARNING * * *
There is a stone staircase leading up, spattered with blood here.
The vault guard hits you from afar with a +0 halberd!
You die...

######.######..
...............
...............
...............
......p.p....°.
.......p...<○..
......pp..B○...
.......p...^...
.......@.......
###############


You could see a boulder beetle (rolling) and 6 vault guards.

Vanquished Creatures
  2 vault guards (D:13)
  A rakshasa (D:11)
  3 boulder beetles (D:11)
  A centaur warrior (D:11)
  2 two-headed ogres
  Pikel (D:7)
  An orc knight (D:11)
  2 cyclopes
  An ugly thing (D:11)
  2 manticores
  3 gargoyles (D:11)
  A komodo dragon (D:10)
  A tengu conjurer (D:11)
  5 trolls
  A hornet (D:9)
  6 slime creatures
  22 yaks
  A vampire (D:10)
  2 wraiths
  8 wyverns
  2 shadows
  A steam dragon (D:8)
  2 basilisks
  4 vampire mosquitoes
  3 water moccasins
  A swamp drake (D:8)
  5 orc warriors
  2 sky beasts (D:7)
  3 ogres (D:5)
  3 centaurs (D:10)
  3 lemures (D:7)
  A kobold brigand (D:8)
  4 bullfrogs
  2 scorpions (D:6)
  A necrophage (D:5)
  A gnoll sergeant (D:9)
  6 wights
  15 killer bees
  2 hounds (D:5)
  2 gnoll boudas (D:6)
  6 orc priests
  2 iguanas
  4 orc wizards
  20 gnolls
  13 adders
  A white imp (D:6)
  2 ufetubi
  A worm (D:3)
  3 dart slugs
  34 orcs
  9 ball pythons
  7 endoplasms
  3 giant cockroaches
  10 goblins
  4 hobgoblins
  6 quokkas
  7 bats
  4 frilled lizards
  8 kobolds
  7 rats
280 creatures vanquished.

Vanquished Creatures (collateral kills)
  A yaktaur captain (D:11)
  A boulder beetle (D:13)
  A two-headed ogre (D:11)
  A centaur warrior (D:13)
  A manticore (D:11)
  A slime creature (D:12)
  A komodo dragon (D:11)
  A queen bee (D:8)
  A troll (D:5)
  A shadow (D:11)
  4 yaks (D:9)
  A wraith (D:12)
  A steam dragon (D:7)
  3 orc warriors (D:11)
  A sky beast (D:8)
  2 phantoms (D:4)
  A gnoll sergeant (D:10)
  A necrophage (D:6)
  5 wights
  2 killer bees (D:8)
  2 orc priests (D:7)
  3 orc wizards
  A statue (D:6)
  3 gnolls
  2 adders (D:4)
  5 orcs
  An endoplasm (D:4)
  2 hobgoblins (D:4)
  2 kobolds
52 creatures vanquished.

Vanquished Creatures (others)
  4 knights
  17 fungi (D:7)
  21 plants (D:8)
42 creatures vanquished.

Grand Total: 374 creatures vanquished

Notes
Turn   | Place    | Note
-------+----------+-------------------------------------------
     0 | D:1      | sanboga the Minotaur Monk began the quest for the Orb.
     0 | D:1      | Reached XP level 1. HP: 19/19 MP: 0/0
    71 | D:1      | Found a faded altar of an unknown god.
   130 | D:1      | Reached XP level 2. HP: 27/27 MP: 1/1
   540 | D:1      | Reached skill level 4 in Axes
   980 | D:1      | Reached XP level 3. HP: 31/33 MP: 2/2
  1320 | D:2      | HP: 1/33 [poisoned by an adder]
  1748 | D:2      | Reached XP level 4. HP: 36/41 MP: 3/3
  1918 | D:2      | Found a burning altar of Makhleb.
  2052 | D:3      | Reached skill level 1 in Armour
  2371 | D:3      | Reached skill level 5 in Axes
  2452 | D:3      | Found Gegizad's Jewellery Shoppe.
  2614 | D:4      | Found a staircase to the Ecumenical Temple.
  2618 | D:4      | Reached XP level 5. HP: 47/47 MP: 4/4
  2632 | Temple   | Entered the Ecumenical Temple
  2647 | Temple   | Became a worshipper of Hepliaklqana the Forgotten
  2647 | Temple   | Reached * piety under Hepliaklqana
  2647 | Temple   | Reached ** piety under Hepliaklqana
  2648 | Temple   | Remembered your ancestor Katie as a knight
  2763 | D:4      | Noticed a phantom
  2776 | D:4      | Killed a phantom
  2777 | D:4      | Reached skill level 5 in Fighting
  3049 | D:4      | Noticed a phantom
  3057 | D:4      | Killed a phantom
  3058 | D:4      | Reached skill level 6 in Axes
  3058 | D:4      | Reached XP level 6. HP: 46/50 MP: 5/5
  3171 | D:4      | Found the +8 whip "Snakebite" {venom, curare, rPois}
  3209 | D:4      | Found the +4 robe of Folly {Brilliance Will-∞ Int+8}
  3640 | D:5      | Entered Level 5 of the Dungeon
  3693 | D:5      | Reached skill level 7 in Axes
  3693 | D:5      | Reached XP level 7. HP: 51/55 MP: 6/6
  4270 | D:5      | Reached skill level 8 in Axes
  4308 | D:5      | Noticed a troll
  4315 | D:5      | Killed a troll
  4316 | D:5      | Reached skill level 5 in Armour
  4316 | D:5      | Reached XP level 8. HP: 25/63 MP: 7/7
  5015 | D:6      | Reached *** piety under Hepliaklqana
  5071 | D:6      | Reached skill level 9 in Axes
  5577 | D:6      | Found a radiant altar of Vehumet.
  5904 | D:7      | Reached skill level 10 in Axes
  5916 | D:7      | Reached XP level 9. HP: 41/72 MP: 8/8
  5916 | D:7      | Noticed Pikel
  6075 | D:7      | Killed Pikel
  6076 | D:7      | Reached skill level 11 in Axes
  6320 | D:3      | Bought an amulet of reflection for 300 gold pieces
  6431 | D:7      | Found a shimmering blue altar of Sif Muna.
  6794 | D:7      | Noticed a troll
  6805 | D:7      | Killed a troll
  6806 | D:7      | Reached skill level 12 in Axes
  6870 | D:7      | Found a blossoming altar of Fedhas.
  7058 | D:8      | Identified the +7 scale mail "Inocli" {MP+9 Str-2 Dex+6
                  | SInv}
  7113 | D:8      | Reached XP level 10. HP: 81/81 MP: 9/9
  7120 | D:8      | Reached **** piety under Hepliaklqana
  7681 | D:8      | Reached skill level 13 in Axes
  7769 | D:8      | Found a staircase to the Lair.
  7796 | D:8      | Reached skill level 10 in Fighting
  8160 | D:9      | Reached skill level 14 in Axes
  8241 | D:9      | Noticed a two-headed ogre
  8250 | D:9      | Killed a two-headed ogre
  8258 | D:9      | Reached XP level 11. HP: 66/90 MP: 10/10
  8269 | D:9      | Reached skill level 10 in Armour
  8881 | D:10     | Entered Level 10 of the Dungeon
  8896 | D:10     | Reached skill level 15 in Axes
  8903 | D:10     | Found Sise's Armour Shoppe.
  9339 | D:10     | Reached ***** piety under Hepliaklqana
  9420 | D:10     | Found a hide-covered altar of Uskayaw.
 10252 | D:11     | Identified the +6 flail "Boixt" {flame, Will- rCorr SInv}
 10252 | D:11     | Identified the amulet of Lady Luck {Reflect *Corrode Int+2
                  | Dex+10 SH+5}
 10253 | D:11     | Got the Spellbook of Mutagenic Battling
 10254 | D:11     | Noticed a boulder beetle
 10262 | D:11     | Reached skill level 16 in Axes
 10281 | D:11     | Killed a boulder beetle
 10377 | D:11     | Noticed a centaur warrior
 10377 | D:11     | Noticed a boulder beetle
 10378 | D:11     | Noticed a rakshasa
 10384 | D:11     | Killed a centaur warrior
 10413 | D:11     | Killed a boulder beetle
 10421 | D:11     | Killed a rakshasa
 10422 | D:11     | Reached XP level 12. HP: 39/101 MP: 11/11
 10809 | D:11     | Noticed a two-headed ogre
 10814 | D:11     | Found Jifo's Self-Improvement Boutique.
 10818 | D:11     | Killed a two-headed ogre
 11144 | D:11     | Reached skill level 17 in Axes
 11302 | D:11     | Noticed a yaktaur captain
 11313 | D:11     | Killed a yaktaur captain
 11422 | D:11     | Noticed a two-headed ogre
 11430 | D:11     | Killed a two-headed ogre
 12594 | D:11     | Found a staircase to the Orcish Mines.
 13078 | D:12     | Noticed a boulder beetle
 13104 | D:11     | Reached skill level 18 in Axes
 13314 | D:11     | Killed a boulder beetle
 13938 | D:13     | Noticed a boulder beetle
 13938 | D:13     | Noticed a centaur warrior
 13946 | D:13     | Killed a centaur warrior
 13954 | D:13     | Reached XP level 13. HP: 73/110 MP: 12/12
 14114 | D:13     | Found a gate to the Vaults.
 14138 | D:13     | HP: 5/110 [vault guard/+1 glaive (8)]
 14139 | D:13     | Mangled by a vault guard

Illustrated notes

Levels and vault maps discovered:
D:1:      wander_arrival_lonely_grave, layout_loops_ring,
          ebering_ecumenical_altar_box
D:2:      layout_rooms, basic_altar
D:3:      layout_rooms, serial_shops, nicolae_shop_trees,
          kennysheep_cluttered_room, minmay_circle_x
D:4:      layout_cave_pools, minmay_temple_entry_overgrown
D:5:      layout_loops_corners
D:6:      layout_loops_ring, vehumet_statue, nicolae_figureground_sparkle
D:7:      layout_cave_pools, mainiacjoe_overflow_catch_the_wave, abandoned_shop,
          uniq_pikel
D:8:      layout_cave_pools, erik_lair_dragon, nicolae_looking_at_the_future
D:9:      layout_roguey
D:10:     layout_basic, mainiacjoe_overflow_alcove_2, serial_shops,
          nicolae_diamond_shop, minmay_starry_boxes
D:11:     minmay_the_grid_3x3 [minmay_the_grid_armoury, minmay_the_grid_empty,
          minmay_the_grid_square_x, minmay_the_grid_spikes,
          minmay_the_grid_garden, minmay_the_grid_eight,
          minmay_the_grid_outer_circle, minmay_the_grid_large_cup,
          minmay_the_grid_prize_shrinking_boxes], layout_stronghold,
          david_orc_5, nicolae_shop_self_help
D:12:     layout_rooms
D:13:     layout_long_grid, erik_vaults_2, nicolae_fountain_basement,
          uniq_rupert
Temple:   nicolae_temple_two_arcs

Skill      XL: |  1  2  3  4  5  6  7  8  9 10 11 12 |
---------------+-------------------------------------+-----
Stealth        | 2 |  2.1
Axes           | 4 5 6 7 8 10 12 14 16 18 | 18.7
Fighting       | 4 5 6 8 9 10 12 13 | 13.8
Armour         | 1 2 3 5 6 8 9 11 13 | 13.2
Dodging        | |  3.7

Action                   |  1- 3 |  4- 6 |  7- 9 | 10-12 | 13-15 || total
-------------------------+-------+-------+-------+-------+-------++-------
Melee: Hand axe          |    77 |    77 |       |       |       ||   154
       Headbutt          |     5 |    19 |    21 |   137 |       ||   182
       Whip              |       |    16 |   179 |   547 |    10 ||   752
       Punch             |       |     1 |     4 |     6 |       ||    11
Invok: Ancestor Life: Kn |       |     1 |       |       |       ||     1
       Ancestor Identity |       |     1 |       |       |       ||     1
       Recall Ancestor   |       |       |     1 |     2 |       ||     3
Evoke: Wand              |       |       |       |     4 |     4 ||     8
  Use: Scroll            |       |     8 |     4 |     8 |       ||    20
 Stab: Sleeping          |     3 |     4 |     1 |       |       ||     8
       Distracted        |       |       |       |     7 |       ||     7
Armor: Robe              |    10 |    12 |       |       |       ||    22
       Scale mail        |       |       |    39 |       |       ||    39
       Plate armour      |       |       |    20 |   209 |     3 ||   232
Dodge: Dodged            |    58 |    67 |   104 |   261 |     3 ||   493
Block: Other             |       |       |     6 |    89 |     4 ||    99
       Reflection        |       |       |     1 |     7 |       ||     8
